 Dungeon Crawl Stone Soup version 0.19-a0-376-gf780d9b (webtiles) character file.

499 Loading the Ruffian (level 7, -9/60 HPs)
             Began as a Ghoul Monk on May 30, 2016.
             Mangled by an ogre
             ... wielding a +0 giant spiked club
              (23 damage)
             ... on level 4 of the Dungeon.
             The game lasted 00:09:38 (2778 turns).

Loading the Ruffian (Ghoul Monk)                    Turns: 2778, Time: 00:09:38

Health: -9/60      AC: 15    Str: 15    XL:     7   Next: 16%
Magic:  6/6        EV:  5    Int:  5    God:
Gold:   161        SH:  0    Dex: 13    Spells: 0 memorised, 6 levels left

rFire  . . .     SeeInvis .       - Unarmed
rCold  + . .     Gourm    .     d - +0 plate armour {rPois}
rNeg   + + +     Faith    .     (no shield)
rPois  ∞         Spirit   .     (no helmet)
rElec  .         Dismiss  .     e - +0 cloak
rCorr  +         Reflect  .     (no gloves)
SustAt .         Harm     .     (no boots)
MR     .....                    (no amulet)
Stlth  ..........               s - +3 ring of protection
                                h - ring of resist corrosion

@: rotting, not resistant to hostile enchantments, extremely unstealthy
A: rotting body, claws 1, carnivore 3, cold resistance 1, negative energy
resistance 3, slow regeneration 1, torment resistance, unbreathing
a: no special abilities


You were on level 4 of the Dungeon.
You were not hungry.

You visited 1 branch of the dungeon, and saw 4 of its levels.

You collected 161 gold pieces.

Inventory:

Armour
 a - a +0 robe
 d - a +0 plate armour of poison resistance (worn)
 e - a +0 cloak (worn)
Jewellery
 h - a ring of resist corrosion (left claw)
 s - a +3 ring of protection (right claw)
Wands
 t - a wand of slowing (3/48)
 u - a wand of polymorph (3/24)
Scrolls
 g - 3 scrolls of remove curse
 k - 2 scrolls of immolation
 q - a scroll of amnesia
 w - a scroll of recharging {unknown}
Potions
 c - a potion of ambrosia {unknown}
 j - a potion of cancellation
 p - a potion of lignification
 r - 2 potions of curing
Comestibles
 b - 2 meat rations
 f - 5 chunks of flesh
 l - a beef jerky
 n - 2 slices of pizza


   Skills:
 + Level 4.9 Fighting
 + Level 2.6 Armour
 - Level 2.8 Dodging
 + Level 4.5 Stealth
 * Level 6.5 Unarmed Combat


You had 6 spell levels left.
You didn't know any spells.

Dungeon Overview and Level Annotations

Branches:
Dungeon (4/15)             Temple (0/1) D:4

Altars:
Cheibriados
Ru

Shops:
D:4 :

Annotations:
D:4 Eustachio


Innate Abilities, Weirdness & Mutations

Your body is rotting away.
You thrive on raw meat.
You are immune to poison.
You have sharp fingernails.
You are carnivorous and can eat meat at any time.
Your flesh is cold resistant. (rC+)
You are immune to negative energy. (rN+++)
You regenerate slowly when monsters are visible.
You are immune to unholy pain and torment.
You can survive without breathing.


Message History

Your plate armour prevents you from hitting the ogre.
The ogre is severely wounded.
You scratch the ogre.
The ogre is severely wounded.
The ogre hits you with a giant spiked club!
You barely miss the ogre.
The ogre is severely wounded.
You barely miss the ogre.
The ogre is severely wounded.
The ogre barely misses you.
You barely miss the ogre.
The ogre is severely wounded.
The ogre hits you with a giant spiked club!
* * * LOW HITPOINT WARNING * * *
Your plate armour prevents you from hitting the ogre.
The ogre is severely wounded.
Your plate armour prevents you from hitting the ogre.
The ogre is severely wounded.
The ogre hits you with a giant spiked club!!
You die...

....#
..................#
.>..#.............###
.####...............$
...##..............
...##.............
................#
................######
..@!.....#.....O@))[<#
.......o.'......######
55...o...####......#
#..o..o..# ######.#
###.##.### .. #.##r#
#. #.##l# #.##.#
#.##<#


You could see an ogre.

Vanquished Creatures
  Edmund (D:3)
  An ogre (D:4)
  A hound (D:3)
  An orc priest (D:4)
  Ijyb (D:3)
  Natasha (thrice) (D:3)
  2 gnolls (D:3)
  3 adders
  A worm (D:1)
  3 giant geckos
  6 orcs
  3 ball pythons
  4 bats
  5 giant cockroaches (D:1)
  8 hobgoblins
  6 jackals (D:3)
  3 quokkas
  3 giant newts
  13 goblins
  6 kobolds
  13 rats
87 creatures vanquished.

Notes
Turn   | Place    | Note
--------------------------------------------------------------
     0 | D:1      | Loading the Ghoul Monk began the quest for the Orb.
     0 | D:1      | Reached XP level 1. HP: 19/19 MP: 0/0
   148 | D:1      | Reached XP level 2. HP: 26/26 MP: 1/1
   369 | D:1      | Reached XP level 3. HP: 32/33 MP: 2/2
  1159 | D:2      | Reached skill level 1 in Armour
  1171 | D:2      | Found a sacrificial altar of Ru.
  1198 | D:2      | Found a sacrificial altar of Ru.
  1664 | D:3      | Reached skill level 5 in Unarmed Combat
  1664 | D:3      | Reached XP level 4. HP: 39/39 MP: 3/3
  1905 | D:3      | Found a snail-covered altar of Cheibriados.
  2049 | D:3      | Noticed Natasha
  2063 | D:3      | Killed Natasha
  2063 | D:3      | Reached XP level 5. HP: 32/46 MP: 4/4
  2077 | D:3      | Noticed Natasha
  2085 | D:3      | Killed Natasha
  2100 | D:3      | Noticed Natasha
  2107 | D:3      | Killed Natasha
  2222 | D:3      | Noticed Ijyb
  2233 | D:3      | Killed Ijyb
  2320 | D:3      | You fall through a shaft!
  2320 | D:4      | Noticed Edmund
  2326 | D:4      | Found a staircase to the Ecumenical Temple.
  2333 | D:4      | Noticed Eustachio
  2350 | D:4      | Found Riss's Book Shop.
  2376 | D:4      | Noticed an ogre
  2405 | D:4      | Noticed an ogre
  2468 | D:3      | Reached XP level 6. HP: 20/53 MP: 5/5
  2698 | D:3      | Killed Edmund
  2698 | D:3      | Reached skill level 6 in Unarmed Combat
  2737 | D:4      | Reached XP level 7. HP: 46/60 MP: 6/6
  2778 | D:4      | Mangled by an ogre

Vault maps used:
D:1:      dpeg_arrival_prison
D:2:      nicolae_ru_awakened_eye, lemuel_tele_altar
D:3:      kennysheep_goblin_castle, cheibriados_altar_wand_db, uniq_natasha
D:4:      vehumet_crystals, temple_pool_b, serial_shops, nicolae_shop_stone,
          uniq_eustachio, uniq_edmund

Skill      XL: |  1  2  3  4  5  6 |
---------------+-------------------+-----
Armour         | 1 2 |  2.6
Unarmed Combat | 5 6 |  6.5
Stealth        | 3 4 |  4.5
Fighting       | 4 |  4.9
Dodging        | |  2.8

Action                   |  1- 3 |  4- 6 |  7- 9 || total
-------------------------+-------+-------+-------++-------
Melee: Unarmed           |   136 |   172 |    15 ||   323
       Punch             |     1 |     2 |       ||     3
  Use: Scroll            |       |    10 |       ||    10
       Potion            |       |     1 |     1 ||     2
 Stab: Sleeping          |     2 |       |       ||     2
  Eat: Chunk             |    10 |    21 |     2 ||    33
Armor: Robe              |     5 |       |       ||     5
       Plate armour      |   108 |   210 |     3 ||   321
Dodge: Dodged            |    26 |    51 |     3 ||    80
